Match 40147397
Unlisted

Match 40147397
End
Kettenkrad Recon Vehicle
Construct Infanterie Kompanie
Selects Mechanized Battlegroup
MG 42 Machine Gun Team
Grenadier Squad
GrW 34 Mortar Team
Grenadier Squad
Construct Luftwaffe Kompanie
Jäger Squad
221 Scout Car
Pioneer Squad
Jäger Squad
Selects Raid Package
Selects Mobile Repair Stations
Support Elements
MG 42 Machine Gun Team
Marder III M Tank Destroyer
Kettenkrad Recon Vehicle
Wirbelwind Flakpanzer
Selects Wespe Self-propelled Artillery
Wespe Self-propelled Artillery
Jäger Squad
Flak 30 Anti-aircraft Gun Team
VVarMachine
Hjax
Taggy04
Gardening Pudding
Gabe_Real
Random_Target
Turtleboy
Humbarwhy
0
0

Comments sign in to comment!

No comments posted yet!